 Dungeon Crawl Stone Soup version 0.31-a0-1237-gabc64e778c (webtiles) character file.

Game seed: 4751991974505471950

2 graki42 the Ruffian (level 1, 16/16 HPs)
             Began as a Minotaur Shapeshifter on Dec 15, 2023.
             Quit the game on level 1 of the Dungeon.
             The game lasted 00:00:26 (33 turns).

graki42 the Ruffian (Minotaur Shapeshifter)           Turns: 33, Time: 00:00:26

Health: 16/16      AC:  2    Str: 18    XL:     1   Next: 25%
Magic:  0/0        EV: 12    Int:  7    God:
Gold:   0          SH:  0    Dex:  9    Spells: 0/0 levels left

rFire   . .          .
                       - Unarmed
rCold   . . .        (no shield)
rNeg    . . .        a - +0 animal skin
rPois   .            (helmet currently unavailable)
rElec   .            (cloak currently unavailable)
rCorr   .            (gloves currently unavailable)
SInv    .            (boots currently unavailable)
Will    .....        (no amulet)
Stlth   +            (no ring)
HPRegen 0.22/turn    (no ring)
MPRegen 0.07/turn

%: no passive effects
@: beast-form
A: beast (slay +1), horns 2, retaliatory headbutt
a: Begin Untransformation


You were on level 1 of the Dungeon.
You were a hulking beast.
You visited 1 branch of the dungeon, and saw 1 of its levels.

Inventory:

Armour
 a - a +0 animal skin (worn)
Talismans
 c - a beast talisman
 d - a flux talisman
Potions
 b - a potion of lignification


   Skills:
 + Level 1.3 Fighting
 + Level 2.2 Dodging
 + Level 3.3 Unarmed Combat
 + Level 2.4 Shapeshifting


You couldn't memorise any spells.
You didn't know any spells.
Your spell library was empty.

Dungeon Overview and Level Annotations

Branches:
Dungeon (1/15)

Altars:

Shops:
D:1 (


Innate Abilities, Weirdness & Mutations

You are a hulking beast.
Your limbs bulge with bestial killing power. (Slay +1)
You have a pair of horns on your head.
You reflexively headbutt those who attack you in melee.


Message History

Welcome, graki42 the Minotaur Shapeshifter.
Below lies the Orb of Zot, rumoured to be powerful enough to resurrect a god...
Press ? for a list of commands and other information.
Found two stairs.
A kobold and a bat come into view.
The kobold shouts!
No reachable target in view!
No reachable target in view!
The bat barely misses you. x2
The bat hits you but does no damage.
You hit the bat.
You kill the bat!
The kobold hits you with a +0 dagger.
You closely miss the kobold. You closely miss the kobold.
The kobold closely misses you.
You hit the kobold.
You kill the kobold!
You see here a +0 dagger.
Found a stone staircase leading down.
Found Humeqitu's Antique Weapon Shop.
No target in view!
Found an escape hatch in the floor.
There is an entrance to Humeqitu's Antique Weapon Shop here.
Are you sure you want to abandon this character and quit the game? (Confirm with "yes".)

# #####
#>#########...#####
#...#....##.#..#... #
#.#.......#.#......
.##>#.##.........≈≈≈.
.....##....#...≈≈≈≈≈
#....##......≈≈≈≈≈≈
###.#.##.#.#.≈≈≈8≈≈.
#..h.....#...≈≈≈≈≈.≈
#..#.#########≈≈≈≈≈.≈
#..$...# #≈≈≈≈≈.≈
####..## #≈≈≈≈≈≈. #..
#≈~~≈≈≈≈ #.. #~≈≈~≈≈≈
#.. #.≈≈≈≈~~~ #..
..≈≈≈≈≈≈≈ ##≈≈≈8≈≈≈


There were no monsters in sight!

Vanquished Creatures
  A bat (D:1)
  A kobold (D:1)
2 creatures vanquished.

Notes
Turn   | Place    | Note
-------+----------+-------------------------------------------
     0 | D:1      | graki42 the Minotaur Shapeshifter began the quest for the
                  | Orb.
     0 | D:1      | Reached XP level 1. HP: 16/16 MP: 0/0
    26 | D:1      | Found Humeqitu's Antique Weapon Shop.
    33 | D:1      | Quit the game

Illustrated notes

Levels and vault maps discovered:
D:1:      nzn_arrival_water_spiral, layout_basic, serial_shops,
          nicolae_shop_crystal

Action                     || total
---------------------------++-------
  Melee: Unarmed           ||     4
 Armour: Animal skin       ||     2
  Dodge: Dodged            ||     3

Table legend: (Time is in decaauts)
 A = Elapsed time spent in this place.
 B = Non-inter-level travel time spent in this place.
 C = Inter-level travel time spent in this place.
 D = Time resting spent in this place.
 E = Time spent auto-exploring this place.
 F = Levels seen in this place.
 G = Mean time per level.
                   A        B        C        D        E       F      G
               +--------+--------+--------+--------+--------+-----+--------+
         Total |     32 |     32 |      0 |      0 |     20 |   1 |   32.0 |
       Dungeon |     32 |     32 |      0 |      0 |     20 |   1 |   32.0 |
               +--------+--------+--------+--------+--------+-----+--------+

Top non-repeatable levels by time:
     D:1: 32 daAuts
